 Dungeon Crawl Stone Soup version 0.24-a0-271-ga0fc33f724 (webtiles) character file.

Game seed: 9375623134743485952

5809 Redear the Fighter (level 10, -2/73 HPs)
             Began as a Demonspawn Chaos Knight on Apr 23, 2019.
             Was a Plaything of Xom.
             Slain by a spatial maelstrom (7 damage)
             ... on level 1 of the Abyss.
             The game lasted 00:28:48 (9404 turns).

Redear the Fighter (Demonspawn Chaos Knight)        Turns: 9404, Time: 00:28:48

Health: -2/73      AC: 19    Str:  9 (13) XL:     10   Next: 50%
Magic:  0/10       EV: 11    Int: 11 (13) God:    Xom [*.....]
Gold:   16         SH:  9    Dex: 12 (14) Spells: 9/9 levels left

rFire    . . .     SeeInvis .   a - +0 mace (chaos)
rCold    . . .     Gourm    .   x - +0 shield
rNeg     . . .     Faith    .   i - +3 scale mail
rPois    +         Spirit   +   (helmet restricted)
rElec    .         Reflect  +   w - +0 cloak
rCorr    .         Harm     .   u - +0 pair of gloves
MR       .....                  (no boots)
Stlth    ..........             E - +3 amulet of reflection
HPRegen  0.22/turn              F - +3 ring of evasion
MPRegen  0.12/turn              o - ring of poison resistance {rPois}

@: about to teleport, sanguine armour, very slightly contaminated
A: claws 1, horns 2, deterioration 2, frail 1, weak 1, evolution 1, magic
shield, sanguine armour 1
a: Renounce Religion


You were on level 1 of the Abyss.
You worshipped Xom.
You were a special plaything of Xom.
You were not hungry.

You visited 1 branch of the dungeon, and saw 10 of its levels.
You visited the Abyss 1 time.
You also visited: Sewer.

You collected 542 gold pieces.
You spent 526 gold pieces at shops.

Inventory:

Hand Weapons
 a - a +0 mace of chaos (weapon)
 C - a +0 quarterstaff of chaos
Missiles
 Z - 2 throwing nets (quivered) {+f}
Armour
 b - a +2 leather armour
 i - a +3 scale mail (worn)
 p - the +0 buckler of Twilight {Str-3 Dex+5}
   (You found it on level 4 of the Dungeon)

   It affects your strength (-3).
   It affects your dexterity (+5).
 u - a +0 pair of gloves (worn)
 w - a +0 cloak (worn)
 x - a +0 shield (worn)
Jewellery
 g - an uncursed ring of resist corrosion
 o - a ring of poison resistance (right hand) {rPois}
 y - an uncursed amulet of guardian spirit {Spirit}
 D - a +1 ring of protection
 E - a +3 amulet of reflection (around neck)
 F - a +3 ring of evasion (left hand)
Wands
 q - a wand of disintegration (18)
 v - a wand of digging (4)
 A - a wand of acid (2)
 P - a wand of paralysis (3)
Scrolls
 c - 2 scrolls of amnesia
 k - 2 scrolls of enchant weapon
 n - a scroll of fog
 r - a scroll of enchant armour
 s - 2 scrolls of noise
 M - a scroll of magic mapping
 N - 5 scrolls of remove curse {@r2}
 R - 4 scrolls of identify {@r1}
 T - a scroll of teleportation {@r3}
 W - 6 scrolls of immolation
Potions
 d - a potion of lignification
 f - 2 potions of brilliance {Archmagi Int+5 Wiz++}
 h - 4 potions of might {Str+5 DMG+1d10 | @q3}
 j - 2 potions of degeneration {!q}
 l - 2 potions of flight
 m - a potion of resistance {rF+ rC+ rPois rElec rCorr}
 t - 2 potions of agility {Stlth+ Dex+5 EV+5 | @q4}
 H - a potion of haste {@q5}
Comestibles
 z - 24 rations


   Skills:
 + Level 8.5 Fighting
 + Level 7.8 Maces & Flails
 + Level 7.5 Armour
 + Level 7.3 Dodging


You had 9 spell levels left.
You didn't know any spells.
Your spell library contained the following spells:

 Spells                   Type           Power        Failure   Level  Hunger
 Summon Small Mammal      Summ           #...         100%        1    ##.....
 Call Imp                 Summ           #.......     100%        2    ###....
 Call Canine Familiar     Summ           #.......     100%        3    ####...
 Summon Guardian Golem    Hex/Summ       #.......     100%        3    ####...
 Summon Ice Beast         Ice/Summ       #.......     100%        4    #####..
 Summon Lightning Spire   Summ/Air       #.......     100%        4    #####..


Dungeon Overview and Level Annotations

Branches:
Dungeon (10/15)            Temple (0/1) D:4
   Lair: D:8-11         Orc: D:9-12

Altars:
Ashenzari
Hepliaklqana

Shops:
D:8 [   D:9 =


Innate Abilities, Weirdness & Mutations

You have a pair of horns on your head.
When hurt, damage is shared between your health and your magic reserves.
When seriously injured, your bleeding wounds create armour. (AC +6)
You have sharp fingernails.
Your body often deteriorates upon taking damage.
You are frail. (-10% HP)
You are weak. (Str -2)
You evolve.


Message History

You blink.
Found a ration.
You take 4 damage, and have 4/73 hp.
You now have 0/10 mp.
Okay, then.
The ynoxinul gestures.
The spatial maelstrom misses you.
The spatial maelstrom hits you but does no damage.
Unknown command.
The ancient lich shouts!
The fire bat barely misses you.
The ynoxinul gestures.
Unknown command.
A large abomination comes into view.
You block the fire bat's attack.
The spatial maelstrom barely misses you.
The spatial maelstrom hits you but does no damage.
Unknown command.
The spatial maelstrom hits you but does no damage.
The spatial maelstrom hits you!
You die...
Xom snickers!

. # .. ...v.... ... .
.### .5##..#..####
...§..K#§..# ..#..#
.....#.##.####4...##
#.#.. #x#..####.#§###
. .§G
...#.....#.....#'.
....###....#..#...#..#
. ..3
...............##
..... ..X...5.@......#
##..##.v##.v##..##..
..##.v##5x##..##. ..
....53G5..§....# ....
....5.5..L.§%.#
.##..##..##..##..##..
.##..##.. #..##..## .
.. ..... .......%..
....................


You could see a spatial maelstrom, a great orb of eyes, a spatial vortex, a
large abomination, a ynoxinul, a chaos spawn (confused), a small abomination, a
shadow imp and 4 ufetubi.

Vanquished Creatures
  A two-headed ogre (D:9)
  A manticore (D:9)
  3 hippogriffs
  A meliai zombie (D:10)
  Sigmund (D:2)
  A spriggan (D:9)
  A golden eye (shapeshifter) (D:5)
  A wyvern (D:8)
  A soldier ant (shapeshifter) (D:9)
  An orc warrior (D:5)
  A sky beast (D:7)
  2 ice beasts
  A phantom (D:5)
  An ogre (D:5)
  5 centaurs
  A wolf (D:9)
  4 big kobolds (Sewer)
  4 bullfrogs
  A wyvern zombie (D:8)
  6 scorpions
  4 killer bees (D:9)
  2 howler monkeys (D:4)
  4 crimson imps
  2 centaur zombies
  A bullfrog zombie (D:6)
  2 quasits
  3 orc priests
  3 hounds
  2 bullfrog skeletons
  2 iguanas
  4 orc wizards
  Ijyb (D:3)
  6 worker ants
  A hound zombie (D:6)
  A worker ant zombie (D:5)
  14 adders
  7 river rats (Sewer)
  2 shadow imps
  An ooze (D:5)
  An adder zombie (D:8)
  3 adder skeletons
  3 worms
  A dart slug (D:1)
  3 leopard geckos (D:3)
  22 orcs
  10 giant cockroaches
  4 goblins
  3 hobgoblins
  19 jackals
  7 quokkas
  5 ball pythons
  5 bats
  2 frilled lizards
  15 kobolds
  A leopard gecko skeleton (D:6)
  A quokka skeleton (D:4)
  17 rats
222 creatures vanquished.

Vanquished Creatures (collateral kills)
  A hound (D:5)
1 creature vanquished.

Vanquished Creatures (others)
  A centaur (D:9)
  An adder skeleton (D:4)
2 creatures vanquished.

Grand Total: 225 creatures vanquished

Notes
Turn   | Place    | Note
-------+----------+-------------------------------------------
     0 | D:1      | Redear the Demonspawn Chaos Knight began the quest for the
                  | Orb.
     0 | D:1      | Reached XP level 1. HP: 18/18 MP: 1/1
    84 | D:1      | Reached skill level 1 in Dodging
   185 | D:1      | Reached skill level 2 in Armour
   327 | D:1      | Gained mutation: You have a pair of small horns on your
                  | head. [demonic ancestry]
   327 | D:1      | Reached XP level 2. HP: 24/24 MP: 2/2
   483 | D:1      | XOM: harmless Conj miscast
   668 | D:1      | You fall through a shaft!
   793 | D:2      | Noticed Sigmund
   801 | D:2      | XOM: noise
   804 | D:2      | Killed Sigmund
   804 | D:2      | Reached skill level 3 in Maces & Flails
   804 | D:2      | Reached skill level 2 in Dodging
   804 | D:2      | Reached XP level 3. HP: 22/30 MP: 3/3
   804 | D:2      | Reached XP level 4. HP: 27/37 MP: 4/4
   804 | D:2      | Reached XP level 5. HP: 30/42 MP: 5/5
   823 | D:2      | Reached skill level 4 in Fighting
  1111 | D:2      | Reached skill level 3 in Armour
  1276 | D:2      | XOM: harmless Air miscast
  1408 | D:2      | XOM: mild Conj miscast
  1453 | D:3      | XOM: cast spell 'Summon Butterflies'
  1461 | D:3      | XOM: silly message
  1485 | D:3      | Found a hazy altar of Hepliaklqana.
  1600 | D:3      | Found a glowing drain.
  1622 | Sewer    | Entered a sewer
  1681 | Sewer    | XOM: polymorph kobold -> quokka
  1696 | Sewer    | Gained mutation: When seriously injured, your bleeding
                  | wounds create armour. (AC +6) [demonic ancestry]
  1696 | Sewer    | Reached XP level 6. HP: 29/49 MP: 6/6
  1714 | Sewer    | XOM: god gift: robe {god gift}
  1720 | Sewer    | XOM: 1-stop teleportation journey
  1732 | Sewer    | Gained mutation: Your flesh is cold resistant. (rC+)
                  | [potion of mutation]
  1732 | Sewer    | Gained mutation: You evolve. [potion of mutation]
  1735 | Sewer    | XOM: blink monster(s)
  1739 | Sewer    | Reached skill level 4 in Maces & Flails
  1780 | Sewer    | Reached skill level 3 in Dodging
  1925 | Sewer    | XOM: stat loss: -1 Int (12/13)
  2047 | Sewer    | XOM: give mutations
  2047 | Sewer    | Gained mutation: You are weak. (Str -2) [Xom's mischief]
  2047 | Sewer    | Gained mutation: Scrolls take you a little longer to read.
                  | [Xom's mischief]
  2057 | Sewer    | XOM: harmless Hex miscast
  2312 | Sewer    | XOM: swap monsters
  2323 | Sewer    | Gained mutation: You have a pair of horns on your head.
                  | [demonic ancestry]
  2323 | Sewer    | Reached XP level 7. HP: 36/55 MP: 7/7
  2334 | Sewer    | Reached skill level 4 in Armour
  2335 | Sewer    | Lost mutation: Scrolls take you a little longer to read.
                  | [evolution]
  2369 | Sewer    | XOM: give mutations
  2369 | Sewer    | Lost mutation: Your flesh is cold resistant. (rC+) [Xom's
                  | mischief]
  2369 | Sewer    | Gained mutation: Your body sometimes deteriorates upon
                  | taking damage. [Xom's mischief]
  2369 | Sewer    | Lost mutation: You are weak. (Str -2) [Xom's mischief]
  2504 | D:3      | Reached skill level 5 in Fighting
  2732 | D:3      | Noticed Ijyb
  2751 | D:3      | Killed Ijyb
  2884 | D:3      | You fall through a shaft!
  2890 | D:4      | XOM: harmless Hex miscast
  2934 | D:4      | the adder skeleton is devoured by a tear in reality.
  3004 | D:4      | Reached skill level 4 in Dodging
  3035 | D:4      | XOM: 2-stop teleportation journey
  3093 | D:4      | Got an ancient buckler
  3095 | D:4      | XOM: mild Hex miscast
  3100 | D:4      | Identified the cursed +0 buckler of Twilight {Str-3 Dex+5}
                  | (You found it on level 4 of the Dungeon)
  3215 | D:4      | Found a staircase to the Ecumenical Temple.
  3223 | D:4      | XOM: mild Hex miscast
  3319 | D:4      | Reached skill level 5 in Maces & Flails
  3319 | D:4      | Reached XP level 8. HP: 57/63 MP: 8/8
  3567 | D:5      | Entered Level 5 of the Dungeon
  3780 | D:5      | XOM: harmless Ice miscast
  3920 | D:5      | Noticed a shapeshifter
  3920 | D:5      | a sky beast changed into a shapeshifter
  3920 | D:5      | a shapeshifter changed into a hog
  3928 | D:5      | Noticed a shapeshifter
  3928 | D:5      | a hog changed into a shapeshifter
  3929 | D:5      | Noticed a hornet
  3929 | D:5      | a shapeshifter changed into a hornet
  3933 | D:5      | Paralysed by a hornet for 3 turns
  3937 | D:5      | XOM: harmless Conj miscast
  3957 | D:5      | Reached skill level 5 in Armour
  4018 | D:5      | HP: 3/64 [something/puff of frost (11)]
  4088 | D:4      | XOM: give mutations
  4088 | D:4      | Gained mutation: You are weak. (Str -2) [Xom's mischief]
  4088 | D:4      | Gained mutation: Your body often deteriorates upon taking
                  | damage. [Xom's mischief]
  4088 | D:4      | Gained mutation: You expend magic power (3 MP) to
                  | strengthen your wands. [Xom's mischief]
  4371 | D:5      | Reached skill level 6 in Fighting
  4416 | D:5      | XOM: enchant monster (good)
  4537 | D:5      | Reached skill level 5 in Dodging
  4850 | D:6      | XOM: potion effect (curing)
  4859 | D:5      | XOM: enchant monster (bad)
  4861 | D:5      | XOM: harmless Pois miscast
  4864 | D:5      | XOM: medium Ice miscast
  5169 | D:5      | XOM: harmless Hex miscast
  5215 | D:5      | XOM: severe Fire miscast
  5241 | D:5      | Gained mutation: Your spells are a little harder to cast,
                  | but a little more powerful. [evolution]
  5263 | D:5      | XOM: draining
  5411 | D:5      | XOM: harmless Fire miscast
  5439 | D:6      | Reached skill level 6 in Maces & Flails
  5439 | D:6      | Gained mutation: When hurt, damage is shared between your
                  | health and your magic reserves. [demonic ancestry]
  5439 | D:6      | Reached XP level 9. HP: 53/71 MP: 9/9
  5514 | D:6      | XOM: harmless Conj miscast
  5687 | D:6      | XOM: 1-stop teleportation journey
  5729 | D:6      | Lost mutation: You expend magic power (3 MP) to strengthen
                  | your wands. [potion of mutation]
  5729 | D:6      | Lost mutation: Your spells are a little harder to cast, but
                  | a little more powerful. [potion of mutation]
  5729 | D:6      | Gained mutation: You are frail. (-10% HP) [potion of
                  | mutation]
  5729 | D:6      | Gained mutation: You have sharp fingernails. [potion of
                  | mutation]
  5754 | D:6      | Found a shattered altar of Ashenzari.
  5807 | D:6      | XOM: stat loss: -1 Str (7/10)
  6250 | D:6      | XOM: divination: magic mapping
  6252 | D:6      | Reached skill level 6 in Armour
  6428 | D:7      | XOM: god gift: runed quarterstaff {god gift}
  6497 | D:7      | Reached skill level 7 in Fighting
  6672 | D:7      | XOM: scenery: 2 doors open, 1 doors close
  6709 | D:7      | XOM: scenery: 1 doors open, 1 doors close
  6784 | D:7      | XOM: 1-stop teleportation journey
  6786 | D:7      | XOM: 1-stop teleportation journey
  6896 | D:7      | XOM: swap monsters
  6901 | D:7      | Reached skill level 6 in Dodging
  7258 | D:8      | Found Wokkaykeu's Armour Emporium.
  7399 | D:8      | XOM: potion effect (curing)
  7693 | D:8      | XOM: harmless Air miscast
  7828 | D:8      | Reached skill level 7 in Maces & Flails
  8179 | D:8      | Bought a +0 shield for 49 gold pieces
  8245 | D:9      | XOM: harmless Summ miscast
  8370 | D:9      | XOM: cloud trail
  8375 | D:9      | Found Kohias's Jewellery Boutique.
  8388 | D:9      | XOM: mild Ice miscast
  8399 | D:9      | XOM: summons friendly crimson imp
  8409 | D:9      | Reached XP level 10. HP: 42/72 MP: 1/10
  8427 | D:9      | Bought a +3 amulet of reflection for 204 gold pieces
  8427 | D:9      | Bought a +3 ring of evasion for 273 gold pieces
  8442 | D:9      | Noticed a two-headed ogre
  8445 | D:9      | XOM: potion effect (magic)
  8452 | D:9      | XOM: confuse monster(s)
  8479 | D:9      | XOM: cast spell 'Call Canine Familiar'
  8488 | D:9      | Killed a two-headed ogre
  8488 | D:9      | Reached skill level 8 in Fighting
  8488 | D:9      | Reached skill level 7 in Armour
  8523 | D:9      | Reached skill level 7 in Dodging
  8642 | D:9      | Noticed a two-headed ogre
  8645 | D:9      | Noticed a manticore
  8645 | D:9      | a two-headed ogre changed into a manticore
  8651 | D:9      | Killed a manticore
  8782 | D:9      | XOM: divination: magic mapping
  8796 | D:9      | HP: 2/73 [something/bolt of electricity (7)]
  9098 | D:10     | Entered Level 10 of the Dungeon
  9124 | D:10     | XOM: summons friendly white imp
  9138 | D:10     | XOM: enchant monster (good)
  9144 | D:10     | Cast into level 1 of the Abyss (orc)
  9210 | Abyss:1  | XOM: noise
  9235 | Abyss:1  | XOM: confuse monster(s)
  9244 | Abyss:1  | XOM: polymorph large abomination -> large abomination
  9373 | Abyss:1  | Noticed a spatial maelstrom
  9390 | Abyss:1  | Noticed a great orb of eyes
  9391 | Abyss:1  | XOM: confuse monster(s)
  9396 | Abyss:1  | HP: 7/73 [fire bat (6)]
  9402 | Abyss:1  | Noticed an ancient lich
  9403 | Abyss:1  | Noticed a large abomination
  9404 | Abyss:1  | Slain by a spatial maelstrom

Levels and vault maps discovered:
D:1:      dpeg_arrival_erosion, layout_loops_ring
D:2:      layout_basic, uniq_sigmund
D:3:      layout_loops_ring, lemuel_crystal_altar, gup_sewer_entry_pipe,
          hangedman_decor_clover_reticule, kennysheep_generic_room_9, uniq_ijyb
D:4:      layout_cave_pools, minmay_temple_entry_glass
D:5:      layout_basic, enter_ossuary_2, first_ration, minmay_misc_feat_doors
D:6:      layout_gridville, ashenzari_altar_1
D:7:      layout_gridville
D:8:      layout_loops_cross, serial_shops, shop
D:9:      layout_basic, lair_entry_dummy, serial_shops, shop_coins,
          grunt_ogre_cave
D:10:     layout_basic, basic_altar, serial_shops, shop
Abyss:1
Sewer:    sewer_minmay_treatment

Skill      XL: |  1  2  3  4  5  6  7  8  9 10 |
---------------+-------------------------------+-----
Dodging        | 1 2 3 4 5 6 7 |  7.3
Armour         | 2 3 4 5 6 7 |  7.5
Maces & Flails | 3 4 5 6 7 |  7.8
Fighting       | 4 5 6 7 8 |  8.5

Action                   |  1- 3 |  4- 6 |  7- 9 | 10-12 || total
-------------------------+-------+-------+-------+-------++-------
Melee: Mace              |    33 |   245 |   654 |    93 ||  1025
       Headbutt          |       |    25 |   135 |    20 ||   180
Evoke: Wand              |       |       |       |     7 ||     7
  Use: Potion            |       |     7 |     7 |     4 ||    18
       Scroll            |       |     5 |    14 |     4 ||    23
 Stab: Confused          |       |     2 |     7 |     3 ||    12
       Invisible         |       |     3 |       |       ||     3
       Paralysed         |       |     1 |    21 |     1 ||    23
       Petrified         |       |       |     9 |       ||     9
       Distracted        |       |       |     1 |       ||     1
       Petrifying        |       |       |     1 |       ||     1
  Eat: Chunk             |       |     4 |    15 |       ||    19
       Ration            |       |       |     2 |     1 ||     3
Armor: Leather armour    |    10 |    14 |       |       ||    24
       Scale mail        |       |   163 |   473 |    69 ||   705
Dodge: Dodged            |    20 |   311 |   345 |    74 ||   750
Block: Buckler           |       |       |    94 |       ||    94
       Shield            |       |       |    20 |    61 ||    81
       Reflection        |       |       |       |     4 ||     4

Table legend:
 A = Non-vault XP
 B = Vault XP
 C = Vault XP percentage of total XP
 D = Non-vault monster count
 E = Vault monster count
 F = Vault count percentage of total count
                 A         B        C        D         E       F
            +---------+---------+-------+---------+---------+-------
      Total |    6902 |    1397 |  16.8 |     166 |      59 |  26.2
            +---------+---------+-------+---------+---------+-------
        D:1 |      16 |       0 |   0.0 |      10 |       0 |   0.0
        D:2 |      46 |     231 |  83.4 |      13 |       1 |   7.1
        D:3 |      83 |      67 |  44.7 |      27 |       9 |  25.0
        D:4 |     415 |       0 |   0.0 |      16 |       0 |   0.0
        D:5 |    1160 |       0 |   0.0 |      26 |       0 |   0.0
        D:6 |     898 |       0 |   0.0 |      24 |       0 |   0.0
        D:7 |     647 |       0 |   0.0 |       6 |       0 |   0.0
        D:8 |    1072 |       0 |   0.0 |      27 |       0 |   0.0
        D:9 |    2208 |     510 |  18.8 |      13 |       1 |   7.1
       D:10 |     311 |       0 |   0.0 |       3 |       0 |   0.0
    Abyss:1 |      46 |       0 |   0.0 |       1 |       0 |   0.0
      Sewer |       0 |     589 | 100.0 |       0 |      48 | 100.0
            +---------+---------+-------+---------+---------+-------
